Unix NetHack Version 5.0.0-0 post-release - last build Jun 10 2026 00:39:30 (3ee93aec679c4c4259841fe613dc97188e26a321,branch:main).

Game began 2026-06-15 20:15:15, ended 2026-06-16 01:24:50.

CyberFan, lawful male human Knight

                                                 ----------------
     ----------------                        ####...........`.<.|
     |..............|           --------         |..............|
     |..............|          #-......|         ...............|
     |....[.........|          #|......|         ------.-----.---
     |..............|          #|......|               ##
     ------.-.-------         ##|......|                #               ------
           ####               # |......|                ##              |....|
             #####           ## |.>....|                 #            ##...{[|
              ####           #  --J-----         #       #            # |....|
                ##          ##    #@####  #########      #          ### ------
                 ##         #          #####     ######%#####       #
                 ####      ##              ####  #    -----|-+---####
            -----.--.------#                  #       |.........|#
            |.............|#        ----------.--     |.........|#
            |.............|#        |...........|     |.........|#
            |.............-#        |)..........|#    |.........-#
            ---------------         |............#####..........|
                                    -------------     -----------

CyberFan the Sergeant    St:18/09 Dx:13 Co:17 In:8 Wi:16 Ch:17  Lawful
Dlvl:10 $:4561 HP:0(71) Pw:84(84) AC:-1 Xp:12/32686 T:18113 

Latest messages:
 You see here a chain mail (for sale, 56 zorkmids).
 You see here a corroded plate mail (for sale, 450 zorkmids).
 You see here a bronze plate mail (for sale, 300 zorkmids).
 You see here a splint mail (for sale, 60 zorkmids).
 You see here a plate mail (for sale, 450 zorkmids).
 You see here a studded leather armor (for sale, 11 zorkmids).
 You see here a dwarvish cloak (for sale, 38 zorkmids).
 You see here a splint mail (for sale, 60 zorkmids).
 What do you want to use or apply? [cdjl-nsvwyACEGHJ-LN-P or ?*]
 R - a blessed scroll of identify.
 What do you want to read? [rDR or ?*]
 As you read the scroll, it disappears.
 q - an uncursed +0 pair of elven boots.
 I - an uncursed +0 pair of jumping boots (unpaid, 38 zorkmids).
 i - an uncursed potion of levitation.
 What do you want to drop? [$ac-eg-jl-su-zA-QS-VX-Z or ?*]
 You drop an uncursed +0 pair of jumping boots (unpaid, 38 zorkmids).
 Where do you want to travel to?
 (For instructions type a '?')
 What do you want to drop? [$ac-eg-jl-su-zA-HJ-QS-VX-Z or ?*]
 You drop an uncursed +0 pair of elven boots.
 You hear someone cursing shoplifters.
 You descend the stairs.
 Where do you want to travel to?
 (For instructions type a '?')
 Something is engraved here on the headstone.
 You read: "Applaud, my friends, the comedy is finished."
 You can't go down here.
 Where do you want to travel to?
 (For instructions type a '?')
 You descend the stairs.
 Where do you want to travel to?
 (For instructions type a '?')
 The werejackal bites!
 You kill the werejackal!
 Where do you want to travel to?
 (For instructions type a '?')
 You hit the jabberwock!
 You miss the jabberwock.
 The jabberwock bites!
 The jabberwock bites again!
 The jabberwock hits!
 The jabberwock hits again!
 You hit the jabberwock!
 You miss the jabberwock.
 The jabberwock bites!
 The jabberwock bites again!
 The jabberwock hits!
 The jabberwock hits again!
 You die...

Inventory:
 Coins    ('$')
  $ - 4561 gold pieces
 Weapons  (')')
  a - the blessed rustproof +5 Excalibur (wielded in left hand)
  o - an uncursed very rusty corroded +0 long sword (wielded in right hand)
 Armor    ('[')
  Y - an uncursed +0 elven leather helm (being worn)
  Q - an uncursed +0 pair of leather gloves (being worn)
  x - a blessed fireproof +2 pair of speed boots (being worn)
  e - an uncursed greased +0 cloak of magic resistance (being worn)
  g - a blessed greased +2 set of silver dragon scales (being worn)
 Comestibles  ('%')
  M - 6 uncursed food rations
  Z - an uncursed lizard corpse
 Scrolls  ('?')
  r - a blessed scroll of create monster
  D - an uncursed scroll of teleportation
 Potions  ('!')
  i - an uncursed potion of levitation
 Rings    ('=')
  u - an uncursed +1 ring of adornment
  z - an uncursed ring of cold resistance
  h - an uncursed ring of free action
  p - an uncursed ring of searching
  B - an uncursed ring of teleport control (on right hand)
 Wands    ('/')
  m - an uncursed wand of create monster (0:8)
  G - an uncursed wand of death (0:3)
  K - an uncursed wand of lightning (0:2)
  H - an uncursed wand of magic missile (0:0)
  l - an uncursed wand of opening (0:6)
  c - an uncursed wand of probing (0:5)
  L - a blessed wand of slow monster (0:5)
  w - an uncursed wand of slow monster (0:7)
  N - an uncursed wand of stasis (0:3)
  n - an uncursed wand of stasis (0:2)
  v - an uncursed wand of striking (0:3)
  C - an uncursed wand of striking (0:0)
  d - an uncursed wand of teleportation (0:3)
 Tools    ('(')
  P - a blessed bag of holding containing 28 items
  y - an uncursed can of grease (0:11)
  O - an uncursed magic whistle
  A - a blessed oil lamp
  J - an uncursed skeleton key
  s - an uncursed stethoscope
  E - an uncursed towel
  j - an uncursed +0 unicorn horn
 Gems/Stones  ('*')
  V - 2 uncursed agate stones
  S - 2 uncursed dilithium crystals
  U - an uncursed jacinth stone
  T - 2 uncursed turquoise stones
  X - an uncursed worthless piece of blue glass
  F - a blessed luckstone

Contents of the bag of holding:
  an uncursed amulet versus poison
  an uncursed +0 cloak of invisibility
  an uncursed +0 elven cloak
  10 uncursed food rations
  an uncursed scroll of amnesia
  an uncursed scroll of blank paper
  an uncursed scroll of confuse monster
  a blessed scroll of create monster
  4 uncursed scrolls of create monster
  a blessed scroll of destroy armor
  an uncursed scroll of destroy armor
  a blessed scroll of food detection
  a blessed scroll of gold detection
  2 uncursed scrolls of light
  2 uncursed scrolls of magic mapping
  a blessed scroll of punishment
  an uncursed scroll of scare monster
  an uncursed scroll of stinking cloud
  a blessed spellbook of magic missile
  a cursed potion of fruit juice
  an uncursed potion of healing
  a blessed potion of levitation
  2 uncursed potions of monster detection
  an uncursed potion of restore ability
  a blessed potion of sleeping
  2 potions of holy water
  an uncursed potion of water
  an uncursed tooled horn

CyberFan the Knight's attributes:

Background:
 You were a Sergeant, a level 12 male human Knight.
 You were lawful, on a mission for Lugh
 who was opposed by Brigit (neutral) and Manannan Mac Lir (chaotic).
 You were left-handed.
 You were in the Dungeons of Doom, on level 10.
 You entered the dungeon 18113 turns ago.
 It was nighttime.
 There was a new moon in effect when your adventure ended.
 You had 32686 experience points, 7314 more were needed to attain level 13.

Basics:
 You had 0 out of 71 hit points.
 You had all 84 energy points (spell power).
 Your armor class was -1.
 Your wallet contained 4561 zorkmids.
 Autopickup was on for '$%?!"=/*' plus thrown, with exceptions.

Final Characteristics:
 Your strength was 18/09 (limit:18/100).
 Your dexterity was 13 (limit:18).
 Your constitution was 17 (limit:18).
 Your intelligence was 8 (limit:18).
 Your wisdom was 16 (limit:18).
 Your charisma was 17 (limit:18).

Final Status:
 You weren't hungry.
 You were unencumbered.
 You were wielding two weapons at once.
 Your skill in long sword was limited by being skilled with two weapons.

Final Attributes:
 You were piously aligned.
 You were magic-protected.
 You were cold resistant.
 You were poison resistant.
 You were level-drain resistant.
 You saw invisible.
 You were telepathic.
 You had automatic searching.
 You aggravated monsters.
 You could jump.
 You had teleport control.
 You were warded.
 You were very fast.
 You had reflection.
 You were lucky.
 You had extra luck.
 Good luck did not time out for you.
 You are dead.

Miscellaneous:
 You disabled loading and storing of bones levels.
 Total elapsed playing time was 2 hours, 43 minutes and 48 seconds.

Major events:
 Turn
    1: CyberFan the lawful male human Knight entered the dungeon
  416: attained the rank of Esquire (level 3)
  763: entered the Gnomish Mines
 2101: was given Excalibur by the Lady of the Lake
 2321: attained the rank of Bachelor (level 6)
 2988: reached Mine Town
 3477: made his first wish - "blessed greased +2 silver dragon scale mail", got "a greased silver dragon scale mail"
 3966: entered Sokoban
 4279: completed 1st Sokoban level
 4535: completed 2nd Sokoban level
 4973: completed 3rd Sokoban level
 5662: completed 4th Sokoban level
 6332: attained the rank of Sergeant (level 10)
 6347: acquired the Sokoban bag of holding
 6770: read a Discworld novel
 8335: acquired the Mines' End luckstone
 9669: wished for "blessed fireproof +2 speed boots", got "a pair of riding boots"
11140: entered Home 1, the Quest
16415: performed his first genocide (class h)
16416: genocided class L
18113: killed by a jabberwock

Spells:
 Name                 Level Category     Fail Retention
 haste self             3   escape        92%    1%-25%
 light                  1   divination    22%    1%-25%
 cause fear             3   enchantment   92%   26%-50%
 slow monster           2   enchantment   32%   51%-75%
 detect unseen          3   divination    92%   51%-75%
 cure blindness         2   healing       18%   51%-75%
 magic missile          2   attack        22%   71%-80%

Skills:
 Fighting Skills
   bare handed combat [Unskilled]
   two weapon combat  [Skilled]
   riding             [Basic]
 Weapon Skills
   dagger             [Unskilled]
   knife              [Unskilled]
   axe                [Unskilled]
   pick-axe           [Unskilled]
   short sword        [Unskilled]
   broadsword         [Unskilled]
   long sword         [Expert]
   two-handed sword   [Unskilled]
   saber              [Unskilled]
   club               [Unskilled]
   mace               [Unskilled]
   morning star       [Unskilled]
   flail              [Unskilled]
   hammer             [Unskilled]
   polearms           [Unskilled]
   spear              [Unskilled]
   trident            [Unskilled]
   lance              [Basic]
   bow                [Unskilled]
   crossbow           [Unskilled]
 Spellcasting Skills
   attack spells      [Basic]
   healing spells     [Unskilled]
   clerical spells    [Unskilled]

Voluntary challenges:
 Character rerolling was not enabled.
 You genocided 11 types of monsters.
 You never polymorphed an object.
 You used 2 wishes.
 You did not wish for any artifacts.
 You did not violate any of the special Sokoban rules.
Achievements:
 You attained the rank of Esquire.
 You entered the Gnomish Mines.
 You entered a shop.
 You attained the rank of Bachelor.
 You entered Minetown.
 You entered a temple.
 You entered Sokoban.
 You attained the rank of Sergeant.
 You completed Sokoban.
 You read from a Discworld novel.
 You completed the Gnomish Mines.

 The Dungeons of Doom: levels 1 to 23
    Level 1:
    Level 2:
       Many altars, a fountain.
    Level 3:
       A scroll shop.
       Stairs down to The Gnomish Mines.
    Level 4:
       A general store.
    Level 5:
    Level 6:
       Oracle of Delphi.
    Level 7:
       Stairs up to Sokoban, level 6.
    Level 8:
       An armor shop, a grave.
    Level 9:
       A grave.
    Level 10: <- You were here.
       A fountain.
       Final resting place for
          you, killed by a jabberwock.
    Level 11:
       A fountain.
    Level 12:
       A temple and an altar.
    Level 13:
       A fountain.
       Summoned by King Arthur.
       Portal to The Quest.
    Level 14:
       An armor shop, a fountain.
    Level 15:
       A primitive area.
    Level 16:
       A tool shop, a fountain.
    Level 17:
    Level 18:
    Level 19:
       A fountain, a grave.
    Level 20:
       An altar to Lugh, a fountain.
    Level 21:
       Some fountains.
    Level 22:
       A fountain, a sink.
    Level 23:
       A fountain, many trees.
 The Gnomish Mines: levels 4 to 12
    Level 4:
    Level 5:
    Level 6:
       Many shops, a temple and an altar, some fountains.
    Level 7:
    Level 8:
    Level 9:
    Level 10:
    Level 11:
    Level 12:
       A fountain.
 The Quest:
    Level 1:
       Home.
 Sokoban: levels 6 up to 3
    Level 3:
       Solved.
    Level 4:
       Solved.
    Level 5:
       Solved.
    Level 6:
       Solved.


Vanquished creatures:
  a baluchitherium
  a baby black dragon
  2 baby yellow dragons
  a vampire leader
  a captain
  2 clay golems
  3 nurses
  a lurker above
 an ettin
  2 black puddings
  a vampire
  a queen bee
  a mind flayer
  a giant mimic
  a zruty
 an ogre tyrant
 an umber hulk
  a flesh golem
  2 doppelgangers
  2 large mimics
  3 wumpuses
  a stalker
 an air elemental
 an earth elemental
  a hill giant
  a black naga
  a xorn
  a giant zombie
  2 elf-nobles
  2 sergeants
  4 wargs
  2 winter wolves
  4 small mimics
  4 warhorses
  3 xans
  2 ettin mummies
  2 ogre leaders
  3 quantum mechanics
  4 trolls
  a sasquatch
  2 wood golems
  2 gelatinous cubes
  a pyrolisk
  a large dog
  a flaming sphere
  a shocking sphere
  2 large cats
  3 tigers
  2 dwarf rulers
  2 ochre jellies
  3 leocrottas
  2 energy vortices
  2 mountain centaurs
  a stone giant
  2 elf mummies
  4 human mummies
  5 pythons
  2 pit vipers
  2 cobras
  4 wraiths
  a carnivorous ape
 an ettin zombie
  3 leather golems
  3 soldiers
  a watchman
  3 chameleons
  a crocodile
  2 giant beetles
  2 quivering blobs
  6 cockatrices
 10 wolves
  4 winter wolf cubs
  a lynx
  3 panthers
  a gremlin
  a leprechaun
  3 iron piercers
  a mumak
  3 giant spiders
  a scorpion
  a horse
  2 ice vortices
  5 black lights
  a vampire bat
  5 gnome rulers
 an orc mummy
  3 ogres
  2 brown puddings
  2 rust monsters
 an owlbear
  2 yetis
  4 gold golems
  a werewolf
  a Green-elf
  2 giant eels
  6 lizards
  5 chickatrices
  3 dingoes
  2 dogs
  a housecat
  3 jaguars
  a dwarf leader
  a blue jelly
  2 black unicorns
  4 dust vortices
  a raven
  3 plains centaurs
  a gnome mummy
  5 snakes
  2 human zombies
  a rope golem
  2 Woodland-elves
  3 soldier ants
  8 bugbears
  2 imps
 16 quasits
  2 wood nymphs
  3 water nymphs
  4 mountain nymphs
  9 Mordor orcs
 11 Uruk-hai
 an orc shaman
  6 rock piercers
  4 rock moles
  4 ponies
  5 fog clouds
  4 yellow lights
  a shrieker
  2 violet fungi
 15 gnome leaders
  6 gnomish wizards
  2 kobold mummies
  a black naga hatchling
  3 gray oozes
  9 elf zombies
  a straw golem
  7 giant ants
  5 floating eyes
  5 dwarves
  2 homunculi
  a kobold shaman
 14 hill orcs
  9 rothes
  3 rabid rats
  a centipede
  3 giant bats
  4 orc zombies
  4 dwarf zombies
  2 wererats
  3 werejackals
  6 iguanas
 24 killer bees
  2 acid blobs
  5 coyotes
  2 gas spores
  3 hobbits
  5 manes
  a large kobold
 15 hobgoblins
  a giant rat
  a cave spider
  a brown mold
  a yellow mold
  2 red molds
 43 gnomes
  3 garter snakes
  8 geckos
  8 jackals
  2 foxes
  3 kobolds
  2 goblins
  5 sewer rats
  3 grid bugs
  3 bats
 11 lichens
  2 kobold zombies
  3 newts
591 creatures vanquished.

Genocided species:
 arch-liches
 master liches
 demiliches
 master mind flayers
 liches
 mind flayers
 dwarf rulers
 dwarf leaders
 bugbears
 dwarves
 hobbits
11 species genocided.

Game over:
                       ----------
                      /          \
                     /    REST    \
                    /      IN      \
                   /     PEACE      \
                  /                  \
                  |     CyberFan     |
                  |     4561 Au      |
                  |   killed by a    |
                  |    jabberwock    |
                  |                  |
                  |                  |
                  |       2026       |
                 *|     *  *  *      | *
        _________)/\\_//(\/(/\)/\//\/|_)_______

Fare thee well CyberFan the Knight...

You died in The Dungeons of Doom on dungeon level 10 with 115803 points,
and 4561 pieces of gold, after 18113 moves.
You were level 12 with a maximum of 71 hit points when you died.

